Sabres vs Blues

Created - December 28, 2018 at 21:55

Goals
1 2 3 T
Sabres 0 2 0 2
Blues 0 0 1 1
Shots
1 2 3 T
Sabres 10 15 6 31
Blues 9 12 9 30

1st period

No Goal

Penalties :
Zack Kassian (Buf) for Charging (Minor) at 18:48

2nd period

1. Sabres , Zack Kassian 12 (Vincent Lecavalier 18, Ilya Kovalchuk 14) at 1:08
2. Sabres , Brandon Sutter 4 (Ilya Kovalchuk 15) at 11:45

Penalties :
No Penalty

3rd period

3. Blues , Bobby Ryan 11 (Linus Omark 1) at 1:30

Penalties :
Ryan O'Reilly (Buf) for Tripping (Minor) at 12:24, Tomas Plekanec (STL) for Holding (Minor) at 15:03

Goalie Stats

Robin Lehner (Buf), 29 saves from 30 shots - (0.967), W, 14-7-3, 60:00 minutes
Carey Price (STL), 29 saves from 31 shots - (0.935), L, 8-14-1, 59:13 minutes

Players Stats for Sabres

Player Name              G  A  P  +/- PIM S  H  SB GA TA FO     MP     PP MP  PK MP  
------------------------------------------------------------------------------------
Andrei Loktionov         0  0  0   0  0   0  2  0  0  1  4/6    11:11   1:02   0:00 
Brad Richardson          0  0  0   0  0   0  0  1  0  0  0/0    10:50   0:04   0:10 
Brandon Sutter           1  0  1   0  0   4  1  2  0  1  8/18   21:01   0:00   1:52 
Darcy Hordichuk          0  0  0   0  0   0  0  1  0  0  0/0     8:36   0:04   0:00 
Darren Reid              0  0  0   0  0   1  2  0  0  0  0/0    10:04   0:00   1:52 
Evander Kane             0  0  0   0  0   4  1  0  1  0  1/1    17:59   1:02   0:00 
Ilya Kovalchuk           0  2  2   1  0   9  1  0  0  0  0/0    21:24   0:53   2:06 
Jared Cowen              0  0  0   0  0   0  1  0  0  1  0/0    21:04   1:03   2:05 
Kurtis Foster            0  0  0  -1  0   2  3  1  0  0  0/0    17:03   0:00   0:00 
Kyle Okposo              0  0  0   0  0   5  0  0  1  0  1/1    18:59   1:02   0:00 
Mathew Dumba             0  0  0   0  0   3  2  0  0  0  0/0    19:44   0:56   1:34 
Matt Martin              0  0  0   0  0   0  2  0  1  0  0/1    10:33   0:04   0:00 
Michael Kostka           0  0  0   0  0   0  0  0  1  2  0/0    15:44   1:03   1:53 
Rob Scuderi              0  0  0   1  0   0  2  3  0  1  0/0    23:41   0:00   0:31 
Ryan O'Reilly            0  0  0   0  2   0  3  0  0  0  9/16   16:52   0:53   0:00 
Vincent Lecavalier       0  1  1   1  0   1  2  1  0  0  3/5    10:29   0:00   1:56 
Zach Bogosian            0  0  0   2  0   1  0  1  1  0  0/0    22:44   0:56   1:53 
Zack Kassian             1  0  1   1  2   1  3  0  0  0  0/2    18:02   0:53   0:00 

Players Stats for Blues

Player Name              G  A  P  +/- PIM S  H  SB GA TA FO     MP     PP MP  PK MP  
------------------------------------------------------------------------------------
Alex Pietrangelo         0  0  0  -2  0   4  1  1  0  1  0/0    25:12   2:13   1:01 
Bobby Ryan               1  0  1  -1  0   5  1  0  0  0  0/0    21:58   1:47   0:00 
Bryce Lampman            0  0  0  -1  0   3  2  1  0  0  0/0    25:08   1:09   1:01 
Cody Ceci                0  0  0   1  0   0  0  0  0  1  0/0    14:32   0:09   0:00 
Damien Brunner           0  0  0   0  0   0  1  0  0  0  0/1     9:05   0:39   0:00 
David Perron             0  0  0   0  0   5  1  0  1  0  0/0    21:19   0:55   0:34 
Filip Forsberg           0  0  0  -1  0   0  0  1  0  0  1/1    10:38   2:21   0:00 
Jake Gardiner            0  0  0  -1  0   2  0  0  0  0  0/0    22:47   2:48   0:58 
Linus Omark              0  1  1   0  0   1  0  1  0  0  1/1    12:45   0:00   0:00 
Logan Couture            0  0  0   0  0   0  3  0  0  0  4/7    14:06   0:49   1:03 
Nick Leddy               0  0  0   1  0   0  1  0  0  0  0/0    15:25   1:36   0:00 
Nicklas Backstrom        0  0  0  -1  0   2  0  0  0  1  11/22  22:24   1:48   0:21 
Patrick Kaleta           0  0  0   0  0   0  1  1  1  1  0/0    14:03   0:25   0:50 
Sergei Shirokov          0  0  0   0  0   2  1  0  2  1  0/0    14:18   1:33   0:00 
Ted Purcell              0  0  0   0  0   1  0  1  1  0  0/1    13:20   0:04   0:35 
Tomas Plekanec           0  0  0   0  2   4  0  1  1  0  0/3     8:48   0:00   0:00 
Travis Zajac             0  0  0   0  0   1  2  2  0  0  7/14   15:16   1:33   0:35 
Yann Sauvé               0  0  0   0  0   0  1  1  0  0  0/0    16:56   0:01   0:58 

3 Stars

1 - Robin Lehner (Buf)
2 - Ilya Kovalchuk (Buf)
3 - Brandon Sutter (Buf)

Power Play

Sabres - 0 on 1 Attempt(s) - 0.00%
Blues - 0 on 2 Attempt(s) - 0.00%

Penalty Kill

Sabres - 2 on 2 Attempt(s) - 100.00% - Score 0 goal in Penalty Kill
Blues - 1 on 1 Attempt(s) - 100.00% - Score 0 goal in Penalty Kill

Team Stat

Sabres - Hits : 25 - Faceoff Wins : 26 - Blocked Shots : 10 - Penalty Minutes : 4
Blues - Hits : 15 - Faceoff Wins : 24 - Blocked Shots : 10 - Penalty Minutes : 2

Official

Referees : Unknown
Linesman : Unknown

Game Notes

No Game Note

Finance

Level 1 -- Attendance: 5441 (90.68%) -- Ticket Income $484,249
Level 2 -- Attendance: 4658 (93.16%) -- Ticket Income $265,506
Level 3 -- Attendance: 1947 (97.35%) -- Ticket Income $68,145
Level 4 -- Attendance: 3591 (89.78%) -- Ticket Income $86,184
Luxury Box -- Attendance: 744 (74.40%) -- Ticket Income $129,456
Game was played at the Scotttrade center.
Total Attendance: 16381 (91.01%)
Total Ticket Income: $1,033,540
Other Income: $155,031
Total Income: $1,188,571

Sabres

5 vs 5 Forward 
   Center                   Left Wing                Right Wing               Time % Phy DF OF 
 1 Brandon Sutter           Ilya Kovalchuk           Kyle Okposo              39     0   3  2  
 2 Ryan O'Reilly            Evander Kane             Zack Kassian             31     1   1  3  
 3 Andrei Loktionov         Matt Martin              Brad Richardson          17     0   1  4  
 4 Vincent Lecavalier       Darcy Hordichuk          Darren Reid              13     0   1  4  

5 vs 5 Defense 
   Defense                  Defense                                           Time % Phy DF OF 
 1 Rob Scuderi              Zach Bogosian                                     40     0   4  1  
 2 Kurtis Foster            Jared Cowen                                       30     0   4  1  
 3 Michael Kostka           Mathew Dumba                                      20     0   5  0  
 4 Rob Scuderi              Mathew Dumba                                      10     0   5  0  

PowerPlay Forward 
   Center                   Left Wing                Right Wing               Time % Phy DF OF 
 1 Andrei Loktionov         Evander Kane             Kyle Okposo              50     0   0  5  
 2 Ryan O'Reilly            Ilya Kovalchuk           Zack Kassian             50     1   0  4  

PowerPlay Defense
   Defense                  Defense                                           Time % Phy DF OF 
 1 Zach Bogosian            Mathew Dumba                                      50     0   1  4  
 2 Michael Kostka           Jared Cowen                                       50     0   1  4  

Penalty Kill 4 Players Forward 
   Center                   Wing                     Time % Phy DF OF 
 1 Brandon Sutter           Darren Reid              50     1   4  0  
 2 Vincent Lecavalier       Ilya Kovalchuk           50     1   4  0  

Penalty Kill 4 Players Defense
   Defense                  Defense                  Time % Phy DF OF 
 1 Jared Cowen              Zach Bogosian            50     1   4  0  
 2 Mathew Dumba             Michael Kostka           50     1   4  0  

Penalty Kill - 3 Players Forward 
   Forward                                           Time % Phy DF OF 
 1 Brandon Sutter                                    60     0   5  0  
 2 Zack Kassian                                      40     0   5  0  

Penalty Kill - 3 Players Defense
   Defense                  Defense                  Time % Phy DF OF 
 1 Rob Scuderi              Jared Cowen              60     0   5  0  
 2 Mathew Dumba             Zach Bogosian            40     0   5  0  

4 vs 4 Forward 
   Center                   Wing                     Time % Phy DF OF 
 1 Vincent Lecavalier       Kyle Okposo              50     0   2  3  
 2 Ryan O'Reilly            Zack Kassian             50     0   1  4  

4 vs 4 Defense
   Defense                  Defense                  Time % Phy DF OF 
 1 Michael Kostka           Jared Cowen              50     0   4  1  
 2 Mathew Dumba             Rob Scuderi              50     0   4  1  

Last Minutes Offensive
   Center                   Left Wing                Right Wing               Defense                  Defense                  
   Ryan O'Reilly            Evander Kane             Kyle Okposo              Zach Bogosian            Jared Cowen              

Last Minutes Defensive
   Center                   Left Wing                Right Wing               Defense                  Defense                  
   Brandon Sutter           Evander Kane             Zack Kassian             Zach Bogosian            Jared Cowen              

Goaltenders
Starting : Robin Lehner             
Backup : Jonas Hiller             

Extra Forwards
Normal : Brandon Sutter, Ryan O'Reilly, Brad Richardson - PP : Matt Martin, Ryan O'Reilly - PK : Brad Richardson
Extra Defensemen
Normal : Zach Bogosian, Jared Cowen, Mathew Dumba - PP : Zach Bogosian - PK : Rob Scuderi, Jared Cowen
Penalty Shots
Evander Kane, Vincent Lecavalier, Ryan O'Reilly, Andrei Loktionov, Kyle Okposo

Scratches
Jakub Kindl (Healthy), Nathan Paetsch (Healthy), Scottie Upshall (Healthy), Andrew MacDonald (Healthy)

Blues

5 vs 5 Forward 
   Center                   Left Wing                Right Wing               Time % Phy DF OF 
 1 Nicklas Backstrom        David Perron             Bobby Ryan               40     1   2  2  
 2 Travis Zajac             Linus Omark              Sergei Shirokov          30     1   2  2  
 3 Logan Couture            Ted Purcell              Patrick Kaleta           20     1   2  2  
 4 Tomas Plekanec           Filip Forsberg           Damien Brunner           10     1   2  2  

5 vs 5 Defense 
   Defense                  Defense                                           Time % Phy DF OF 
 1 Alex Pietrangelo         Bryce Lampman                                     40     1   2  2  
 2 Jake Gardiner            Yann Sauvé                                        30     1   2  2  
 3 Nick Leddy               Cody Ceci                                         20     1   2  2  
 4 Jake Gardiner            Bryce Lampman                                     10     1   2  2  

PowerPlay Forward 
   Center                   Left Wing                Right Wing               Time % Phy DF OF 
 1 Nicklas Backstrom        Filip Forsberg           Bobby Ryan               60     1   2  2  
 2 Travis Zajac             David Perron             Sergei Shirokov          40     1   2  2  

PowerPlay Defense
   Defense                  Defense                                           Time % Phy DF OF 
 1 Alex Pietrangelo         Jake Gardiner                                     60     1   2  2  
 2 Nick Leddy               Bryce Lampman                                     40     1   2  2  

Penalty Kill 4 Players Forward 
   Center                   Wing                     Time % Phy DF OF 
 1 Logan Couture            Patrick Kaleta           60     1   2  2  
 2 Travis Zajac             Ted Purcell              40     1   2  2  

Penalty Kill 4 Players Defense
   Defense                  Defense                  Time % Phy DF OF 
 1 Alex Pietrangelo         Bryce Lampman            60     1   2  2  
 2 Jake Gardiner            Yann Sauvé               40     1   2  2  

Penalty Kill - 3 Players Forward 
   Forward                                           Time % Phy DF OF 
 1 Travis Zajac                                      60     1   2  2  
 2 Logan Couture                                     40     1   2  2  

Penalty Kill - 3 Players Defense
   Defense                  Defense                  Time % Phy DF OF 
 1 Alex Pietrangelo         Bryce Lampman            60     1   2  2  
 2 Jake Gardiner            Yann Sauvé               40     1   2  2  

4 vs 4 Forward 
   Center                   Wing                     Time % Phy DF OF 
 1 Nicklas Backstrom        David Perron             60     1   2  2  
 2 Travis Zajac             Bobby Ryan               40     1   2  2  

4 vs 4 Defense
   Defense                  Defense                  Time % Phy DF OF 
 1 Alex Pietrangelo         Bryce Lampman            60     1   2  2  
 2 Jake Gardiner            Yann Sauvé               40     1   2  2  

Last Minutes Offensive
   Center                   Left Wing                Right Wing               Defense                  Defense                  
   Nicklas Backstrom        David Perron             Bobby Ryan               Alex Pietrangelo         Jake Gardiner            

Last Minutes Defensive
   Center                   Left Wing                Right Wing               Defense                  Defense                  
   Travis Zajac             Ted Purcell              Patrick Kaleta           Alex Pietrangelo         Bryce Lampman            

Goaltenders
Starting : Carey Price              
Backup : Ray Emery                

Extra Forwards
Normal : Logan Couture, Damien Brunner, Patrick Kaleta - PP : Logan Couture, Damien Brunner - PK : Patrick Kaleta
Extra Defensemen
Normal : Nick Leddy, Cody Ceci, Jake Gardiner - PP : Nick Leddy - PK : Cody Ceci, Jake Gardiner
Penalty Shots
David Perron, Ted Purcell, Nicklas Backstrom, Travis Zajac, Linus Omark

Scratches
None


% Time on Ice - Sabres

Lines # - Real PCT - Wanted PCT - Time Play
Normal Forward
1 - 34% - 39% - 17:57
2 - 31% - 31% - 16:41
3 - 19% - 17% - 10:09
4 - 15% - 13% - 8:12
Normal Defense
1 - 37% - 40% - 19:49
2 - 31% - 30% - 16:23
3 - 24% - 20% - 12:46
4 - 8% - 10% - 4:01
PP Forward
1 - 52% - 50% - 1:02
2 - 48% - 50% - 0:57
PP Defense
1 - 47% - 50% - 0:56
2 - 53% - 50% - 1:03
PK Forward
1 - 47% - 50% - 1:52
2 - 53% - 50% - 2:06
PK Defense
1 - 47% - 50% - 1:53
2 - 53% - 50% - 2:05
PK3 Forward
1 - 0% - 60%
2 - 0% - 40%
PK3 Defense
1 - 0% - 60%
2 - 0% - 40%
44 Forward
1 - 0% - 50%
2 - 0% - 50%
44 Defense
1 - 0% - 50%
2 - 0% - 50%
Last Minute Offensive  - 0:00
Last Minute Defensive  - 1:04
Total
Forward - 60:00
Defense - 60:00

% Time on Ice - Blues

Lines # - Real PCT - Wanted PCT - Time Play
Normal Forward
1 - 36% - 40% - 19:12
2 - 25% - 30% - 13:08
3 - 23% - 20% - 12:14
4 - 16% - 10% - 8:26
Normal Defense
1 - 41% - 40% - 21:29
2 - 29% - 30% - 15:23
3 - 26% - 20% - 13:43
4 - 5% - 10% - 2:25
PP Forward
1 - 61% - 60% - 2:25
2 - 39% - 40% - 1:33
PP Defense
1 - 71% - 60% - 2:49
2 - 29% - 40% - 1:09
PK Forward
1 - 71% - 60% - 1:24
2 - 29% - 40% - 0:35
PK Defense
1 - 51% - 60% - 1:01
2 - 49% - 40% - 0:58
PK3 Forward
1 - 0% - 60%
2 - 0% - 40%
PK3 Defense
1 - 0% - 60%
2 - 0% - 40%
44 Forward
1 - 0% - 60%
2 - 0% - 40%
44 Defense
1 - 0% - 60%
2 - 0% - 40%
Last Minute Offensive  - 1:03
Last Minute Defensive  - 0:00
Total
Forward - 60:00
Defense - 60:00

Play by Play

1st period


0:01 of 1st period - Brandon Sutter wins face-off versus Nicklas Backstrom in neutral zone.
0:40 of 1st period - Off-side.
0:41 of 1st period - Andrei Loktionov wins face-off versus Logan Couture in neutral zone.
1:30 of 1st period - Bobby Ryan is hit by Mathew Dumba and loses puck.
2:59 of 1st period - Wrist shot by Ilya Kovalchuk.
2:59 of 1st period - Shot Misses the Net.
3:45 of 1st period - Snap shot by Evander Kane.
3:45 of 1st period - Shot Misses the Net.
3:47 of 1st period - Backhand shot by Kurtis Foster.
3:47 of 1st period - Shot Blocked by Tomas Plekanec.
4:08 of 1st period - Wrist shot by Kyle Okposo.
4:08 of 1st period - Stopped by Carey Price with a rebound.
4:45 of 1st period - Kurtis Foster is hit by Logan Couture and loses puck.
5:11 of 1st period - Snap shot by Kyle Okposo.
5:11 of 1st period - Stopped by Carey Price without a rebound.
5:12 of 1st period - Nicklas Backstrom wins face-off versus Ryan O'Reilly in Blues zone.
5:12 of 1st period - Nicklas Backstrom is hit by Rob Scuderi.
5:48 of 1st period - Slapshot by Sergei Shirokov.
5:48 of 1st period - Shot Blocked by Rob Scuderi.
6:03 of 1st period - Icing by Alex Pietrangelo.
6:04 of 1st period - Logan Couture wins face-off versus Ryan O'Reilly in Blues zone.
6:04 of 1st period - Logan Couture is hit by Ryan O'Reilly.
6:10 of 1st period - Slapshot by Alex Pietrangelo.
6:10 of 1st period - Shot Misses the Net.
6:18 of 1st period - Wrist shot by Zack Kassian.
6:18 of 1st period - Shot Blocked by Patrick Kaleta.
6:36 of 1st period - Wrist shot by Matt Martin.
6:36 of 1st period - Shot Blocked by Alex Pietrangelo.
6:51 of 1st period - Icing by Bryce Lampman.
6:52 of 1st period - Brandon Sutter wins face-off versus Logan Couture in Blues zone.
6:53 of 1st period - Slapshot by Ilya Kovalchuk.
6:53 of 1st period - Stopped by Carey Price with a rebound.
6:55 of 1st period - Snap shot by Kyle Okposo.
6:55 of 1st period - Stopped by Carey Price with a rebound.
6:57 of 1st period - Snap shot by Ilya Kovalchuk.
6:57 of 1st period - Shot Misses the Net.
6:59 of 1st period - Slapshot by Mathew Dumba.
6:59 of 1st period - Stopped by Carey Price without a rebound.
7:00 of 1st period - Brandon Sutter wins face-off versus Nicklas Backstrom in Blues zone.
7:03 of 1st period - Snap shot by Kyle Okposo.
7:03 of 1st period - Shot Misses the Net.
7:05 of 1st period - Snap shot by Ilya Kovalchuk.
7:05 of 1st period - Shot Misses the Net.
7:07 of 1st period - Wrist shot by Ilya Kovalchuk.
7:07 of 1st period - Stopped by Carey Price with a rebound.
7:34 of 1st period - Snap shot by Ilya Kovalchuk.
7:34 of 1st period - Shot Misses the Net.
7:36 of 1st period - Wrist shot by Brandon Sutter.
7:36 of 1st period - Stopped by Carey Price with a rebound.
7:56 of 1st period - Wrist shot by Nicklas Backstrom.
7:56 of 1st period - Stopped by Robin Lehner with a rebound.
8:47 of 1st period - Wrist shot by David Perron.
8:47 of 1st period - Shot Misses the Net.
9:01 of 1st period - Snap shot by Kyle Okposo.
9:01 of 1st period - Stopped by Carey Price without a rebound.
9:02 of 1st period - Linus Omark wins face-off versus Zack Kassian in Blues zone.
9:29 of 1st period - Darcy Hordichuk is hit by Damien Brunner and loses puck.
10:10 of 1st period - Michael Kostka is hit by Logan Couture.
10:14 of 1st period - Alex Pietrangelo is hit by Ryan O'Reilly and loses puck.
10:43 of 1st period - Yann Sauvé is hit by Kurtis Foster and loses puck.
11:53 of 1st period - Icing by Ryan O'Reilly.
11:54 of 1st period - Evander Kane wins face-off versus Damien Brunner in Sabres zone.
12:03 of 1st period - Slapshot by Alex Pietrangelo.
12:03 of 1st period - Shot Blocked by Vincent Lecavalier.
12:15 of 1st period - Sergei Shirokov is hit by Andrei Loktionov and loses puck.
12:40 of 1st period - Ted Purcell is hit by Zack Kassian and loses puck.
13:16 of 1st period - Snap shot by Darren Reid.
13:16 of 1st period - Shot Misses the Net.
14:18 of 1st period - Wrist shot by Zach Bogosian.
14:18 of 1st period - Shot Misses the Net.
14:20 of 1st period - Slapshot by Rob Scuderi.
14:20 of 1st period - Shot Misses the Net.
14:44 of 1st period - Slapshot by Filip Forsberg.
14:44 of 1st period - Shot Misses the Net.
14:46 of 1st period - Slapshot by Jake Gardiner.
14:46 of 1st period - Stopped by Robin Lehner with a rebound.
14:48 of 1st period - Wrist shot by Tomas Plekanec.
14:48 of 1st period - Stopped by Robin Lehner with a rebound.
14:58 of 1st period - Alex Pietrangelo is hit by Ryan O'Reilly and loses puck.
15:24 of 1st period - Snap shot by Nicklas Backstrom.
15:24 of 1st period - Shot Misses the Net.
15:26 of 1st period - Snap shot by Nick Leddy.
15:26 of 1st period - Deflect By Bobby Ryan.
15:26 of 1st period - Stopped by Robin Lehner without a rebound.
15:27 of 1st period - Nicklas Backstrom wins face-off versus Brandon Sutter in Sabres zone.
15:32 of 1st period - Backhand shot by David Perron.
15:32 of 1st period - Stopped by Robin Lehner with a rebound.
16:00 of 1st period - Snap shot by David Perron.
16:00 of 1st period - Shot Blocked by Brandon Sutter.
16:18 of 1st period - Ilya Kovalchuk is hit by Bobby Ryan and loses puck.
16:57 of 1st period - Snap shot by Ilya Kovalchuk.
16:57 of 1st period - Stopped by Carey Price with a rebound.
16:59 of 1st period - Slapshot by Mathew Dumba.
16:59 of 1st period - Stopped by Carey Price without a rebound.
17:00 of 1st period - Ryan O'Reilly wins face-off versus Travis Zajac in Blues zone.
17:27 of 1st period - Logan Couture is hit by Matt Martin and loses puck.
17:31 of 1st period - Icing by Bryce Lampman.
17:32 of 1st period - Logan Couture wins face-off versus Matt Martin in Blues zone.
17:45 of 1st period - Patrick Kaleta is hit by Kurtis Foster and loses puck.
18:14 of 1st period - Slapshot by Alex Pietrangelo.
18:14 of 1st period - Shot Blocked by Brad Richardson.
18:16 of 1st period - Snap shot by Patrick Kaleta.
18:16 of 1st period - Shot Misses the Net.
18:18 of 1st period - Snap shot by Bryce Lampman.
18:18 of 1st period - Stopped by Robin Lehner with a rebound.
18:20 of 1st period - Snap shot by Logan Couture.
18:20 of 1st period - Shot Misses the Net.
18:22 of 1st period - Slapshot by Bryce Lampman.
18:22 of 1st period - Stopped by Robin Lehner with a rebound.
18:24 of 1st period - Slapshot by Bryce Lampman.
18:24 of 1st period - Stopped by Robin Lehner without a rebound.
18:25 of 1st period - Travis Zajac wins face-off versus Ryan O'Reilly in Sabres zone.
18:48 of 1st period - Minor Penalty to Zack Kassian for Charging.
18:49 of 1st period - Filip Forsberg wins face-off versus Brandon Sutter in Sabres zone.
19:02 of 1st period - Slapshot by Jake Gardiner.
19:02 of 1st period - Stopped by Robin Lehner with a rebound.
19:41 of 1st period - Bryce Lampman is hit by Vincent Lecavalier and loses puck.
Goals for this period are 0 for Sabres vs 0 for Blues.
Shots for this period are 10 for Sabres vs 9 for Blues.

2nd period


0:01 of 2nd period - Nicklas Backstrom wins face-off versus Vincent Lecavalier in neutral zone.
0:03 of 2nd period - Off-side.
0:04 of 2nd period - Vincent Lecavalier wins face-off versus Nicklas Backstrom in neutral zone.
0:17 of 2nd period - Wrist shot by Ilya Kovalchuk.
0:17 of 2nd period - Stopped by Carey Price without a rebound.
0:18 of 2nd period - Brandon Sutter wins face-off versus Nicklas Backstrom in Blues zone.
0:43 of 2nd period - Filip Forsberg is hit by Mathew Dumba and loses puck.
0:48 of 2nd period - Penalty to Zack Kassian is over, Zack Kassian is back on ice.
1:08 of 2nd period - Snap shot by Zack Kassian.
1:08 of 2nd period - Goal by Zack Kassian - Sabres : 1 - Blues : 0.
1:09 of 2nd period - Travis Zajac wins face-off versus Brandon Sutter in neutral zone.
1:16 of 2nd period - Slapshot by Sergei Shirokov.
1:16 of 2nd period - Stopped by Robin Lehner without a rebound.
1:17 of 2nd period - Brandon Sutter wins face-off versus Travis Zajac in Sabres zone.
1:34 of 2nd period - Slapshot by Linus Omark.
1:34 of 2nd period - Stopped by Robin Lehner with a rebound.
1:36 of 2nd period - Wrist shot by Travis Zajac.
1:36 of 2nd period - Stopped by Robin Lehner without a rebound.
1:37 of 2nd period - Nicklas Backstrom wins face-off versus Zack Kassian in Sabres zone.
1:52 of 2nd period - Wrist shot by Evander Kane.
1:52 of 2nd period - Shot Misses the Net.
2:09 of 2nd period - Kyle Okposo is hit by Travis Zajac and loses puck.
2:28 of 2nd period - Slapshot by Alex Pietrangelo.
2:28 of 2nd period - Stopped by Robin Lehner without a rebound.
2:29 of 2nd period - Ryan O'Reilly wins face-off versus Tomas Plekanec in Sabres zone.
2:40 of 2nd period - Slapshot by Alex Pietrangelo.
2:40 of 2nd period - Stopped by Robin Lehner with a rebound.
3:22 of 2nd period - Wrist shot by Kyle Okposo.
3:22 of 2nd period - Stopped by Carey Price without a rebound.
3:23 of 2nd period - Travis Zajac wins face-off versus Brandon Sutter in Blues zone.
3:57 of 2nd period - Slapshot by Brandon Sutter.
3:57 of 2nd period - Stopped by Carey Price with a rebound.
4:27 of 2nd period - Slapshot by Ilya Kovalchuk.
4:27 of 2nd period - Shot Hit the Post.
5:21 of 2nd period - Off-side.
5:22 of 2nd period - Travis Zajac wins face-off versus Ryan O'Reilly in neutral zone.
5:25 of 2nd period - Snap shot by Linus Omark.
5:25 of 2nd period - Shot Misses the Net.
5:55 of 2nd period - Wrist shot by Vincent Lecavalier.
5:55 of 2nd period - Shot Misses the Net.
5:57 of 2nd period - Snap shot by Vincent Lecavalier.
5:57 of 2nd period - Shot Misses the Net.
5:59 of 2nd period - Slapshot by Darren Reid.
5:59 of 2nd period - Stopped by Carey Price without a rebound.
6:00 of 2nd period - Andrei Loktionov wins face-off versus Travis Zajac in Blues zone.
6:05 of 2nd period - Snap shot by Brad Richardson.
6:05 of 2nd period - Shot Blocked by Travis Zajac.
6:27 of 2nd period - Ryan O'Reilly is hit by Logan Couture and loses puck.
6:53 of 2nd period - Damien Brunner is hit by Darren Reid.
7:09 of 2nd period - Slapshot by Andrei Loktionov.
7:09 of 2nd period - Shot Blocked by Travis Zajac.
7:11 of 2nd period - Slapshot by Andrei Loktionov.
7:11 of 2nd period - Shot Blocked by Linus Omark.
7:44 of 2nd period - Travis Zajac is hit by Rob Scuderi and loses puck.
9:04 of 2nd period - Cody Ceci is hit by Matt Martin and loses puck.
9:17 of 2nd period - Wrist shot by Ilya Kovalchuk.
9:17 of 2nd period - Stopped by Carey Price with a rebound.
9:38 of 2nd period - Wrist shot by Vincent Lecavalier.
9:38 of 2nd period - Shot Blocked by Filip Forsberg.
9:58 of 2nd period - Slapshot by Ted Purcell.
9:58 of 2nd period - Stopped by Robin Lehner with a rebound.
10:56 of 2nd period - Rob Scuderi is hit by Bryce Lampman and loses puck.
11:08 of 2nd period - Off-side.
11:09 of 2nd period - Ryan O'Reilly wins face-off versus Ted Purcell in neutral zone.
11:18 of 2nd period - Wrist shot by Zack Kassian.
11:18 of 2nd period - Shot Misses the Net.
11:45 of 2nd period - Snap shot by Brandon Sutter.
11:45 of 2nd period - Goal by Brandon Sutter - Sabres : 2 - Blues : 0.
11:46 of 2nd period - Nicklas Backstrom wins face-off versus Brandon Sutter in neutral zone.
12:03 of 2nd period - Slapshot by David Perron.
12:03 of 2nd period - Stopped by Robin Lehner without a rebound.
12:04 of 2nd period - Travis Zajac wins face-off versus Ryan O'Reilly in Sabres zone.
12:19 of 2nd period - Wrist shot by Evander Kane.
12:19 of 2nd period - Shot Misses the Net.
12:31 of 2nd period - Ilya Kovalchuk is hit by Bryce Lampman and loses puck.
13:00 of 2nd period - Snap shot by Tomas Plekanec.
13:00 of 2nd period - Shot Blocked by Kurtis Foster.
13:18 of 2nd period - Snap shot by Vincent Lecavalier.
13:18 of 2nd period - Stopped by Carey Price without a rebound.
13:19 of 2nd period - Ryan O'Reilly wins face-off versus Nicklas Backstrom in Blues zone.
13:32 of 2nd period - Slapshot by Evander Kane.
13:32 of 2nd period - Shot Misses the Net.
14:00 of 2nd period - Slapshot by Zach Bogosian.
14:00 of 2nd period - Stopped by Carey Price without a rebound.
14:01 of 2nd period - Brandon Sutter wins face-off versus Nicklas Backstrom in Blues zone.
14:18 of 2nd period - Slapshot by Yann Sauvé.
14:18 of 2nd period - Shot Misses the Net.
14:30 of 2nd period - Wrist shot by Patrick Kaleta.
14:30 of 2nd period - Shot Misses the Net.
14:36 of 2nd period - Wrist shot by Ilya Kovalchuk.
14:36 of 2nd period - Shot Blocked by Ted Purcell.
14:38 of 2nd period - Wrist shot by Kyle Okposo.
14:38 of 2nd period - Shot Misses the Net.
14:40 of 2nd period - Snap shot by Ilya Kovalchuk.
14:40 of 2nd period - Stopped by Carey Price with a rebound.
14:42 of 2nd period - Slapshot by Kurtis Foster.
14:42 of 2nd period - Deflect By Ted Purcell.
14:42 of 2nd period - Stopped by Carey Price with a rebound.
14:44 of 2nd period - Snap shot by Ilya Kovalchuk.
14:44 of 2nd period - Deflect By Brandon Sutter.
14:44 of 2nd period - Stopped by Carey Price with a rebound.
14:50 of 2nd period - Snap shot by Ilya Kovalchuk.
14:50 of 2nd period - Shot Misses the Net.
14:52 of 2nd period - Slapshot by Kurtis Foster.
14:52 of 2nd period - Stopped by Carey Price without a rebound.
14:53 of 2nd period - Nicklas Backstrom wins face-off versus Ryan O'Reilly in Blues zone.
15:10 of 2nd period - Slapshot by Alex Pietrangelo.
15:10 of 2nd period - Stopped by Robin Lehner without a rebound.
15:11 of 2nd period - Andrei Loktionov wins face-off versus Travis Zajac in Sabres zone.
15:16 of 2nd period - Off-side.
15:17 of 2nd period - Travis Zajac wins face-off versus Andrei Loktionov in neutral zone.
15:20 of 2nd period - Slapshot by Alex Pietrangelo.
15:20 of 2nd period - Deflect By Matt Martin.
15:20 of 2nd period - Stopped by Robin Lehner with a rebound.
15:52 of 2nd period - Snap shot by David Perron.
15:52 of 2nd period - Stopped by Robin Lehner with a rebound.
15:58 of 2nd period - David Perron is hit by Brandon Sutter and loses puck.
16:31 of 2nd period - Andrei Loktionov is hit by Yann Sauvé and loses puck.
17:12 of 2nd period - Snap shot by Evander Kane.
17:12 of 2nd period - Stopped by Carey Price without a rebound.
17:13 of 2nd period - Nicklas Backstrom wins face-off versus Ryan O'Reilly in Blues zone.
17:34 of 2nd period - Slapshot by David Perron.
17:34 of 2nd period - Shot Misses the Net.
17:36 of 2nd period - Snap shot by David Perron.
17:36 of 2nd period - Shot Misses the Net.
17:38 of 2nd period - Slapshot by Cody Ceci.
17:38 of 2nd period - Shot Blocked by Zach Bogosian.
17:40 of 2nd period - Wrist shot by David Perron.
17:40 of 2nd period - Shot Misses the Net.
17:42 of 2nd period - Slapshot by Nick Leddy.
17:42 of 2nd period - Shot Misses the Net.
17:44 of 2nd period - Snap shot by Nicklas Backstrom.
17:44 of 2nd period - Stopped by Robin Lehner with a rebound.
17:46 of 2nd period - Snap shot by David Perron.
17:46 of 2nd period - Shot Misses the Net.
17:48 of 2nd period - Slapshot by Nick Leddy.
17:48 of 2nd period - Shot Misses the Net.
17:50 of 2nd period - Snap shot by Bobby Ryan.
17:50 of 2nd period - Shot Blocked by Rob Scuderi.
18:16 of 2nd period - Slapshot by David Perron.
18:16 of 2nd period - Stopped by Robin Lehner without a rebound.
18:17 of 2nd period - Travis Zajac wins face-off versus Brandon Sutter in Sabres zone.
18:32 of 2nd period - Slapshot by Travis Zajac.
18:32 of 2nd period - Shot Misses the Net.
19:05 of 2nd period - Icing by Michael Kostka.
19:06 of 2nd period - Vincent Lecavalier wins face-off versus Tomas Plekanec in Sabres zone.
19:21 of 2nd period - Wrist shot by Tomas Plekanec.
19:21 of 2nd period - Shot Misses the Net.
19:56 of 2nd period - Wrist shot by Evander Kane.
19:56 of 2nd period - Stopped by Carey Price with a rebound.
Goals for this period are 2 for Sabres vs 0 for Blues.
Shots for this period are 15 for Sabres vs 12 for Blues.

3rd period


0:01 of 3rd period - Brandon Sutter wins face-off versus Travis Zajac in neutral zone.
0:36 of 3rd period - Wrist shot by David Perron.
0:36 of 3rd period - Shot Misses the Net.
0:38 of 3rd period - Slapshot by Nicklas Backstrom.
0:38 of 3rd period - Shot Misses the Net.
0:40 of 3rd period - Backhand shot by Bobby Ryan.
0:40 of 3rd period - Stopped by Robin Lehner with a rebound.
0:52 of 3rd period - Cody Ceci is hit by Andrei Loktionov and loses puck.
1:11 of 3rd period - Tomas Plekanec is hit by Kurtis Foster and loses puck.
1:30 of 3rd period - Slapshot by Bobby Ryan.
1:30 of 3rd period - Goal by Bobby Ryan - Sabres : 2 - Blues : 1.
1:31 of 3rd period - Nicklas Backstrom wins face-off versus Brandon Sutter in neutral zone.
1:48 of 3rd period - Slapshot by Ilya Kovalchuk.
1:48 of 3rd period - Stopped by Carey Price without a rebound.
1:49 of 3rd period - Ryan O'Reilly wins face-off versus Travis Zajac in Blues zone.
2:38 of 3rd period - Alex Pietrangelo is hit by Vincent Lecavalier and loses puck.
2:52 of 3rd period - Wrist shot by Sergei Shirokov.
2:52 of 3rd period - Stopped by Robin Lehner without a rebound.
2:53 of 3rd period - Kyle Okposo wins face-off versus Nicklas Backstrom in Sabres zone.
3:24 of 3rd period - Wrist shot by Logan Couture.
3:24 of 3rd period - Deflect By Ted Purcell.
3:24 of 3rd period - Shot Blocked by Rob Scuderi.
3:24 of 3rd period - Puck is out of play.
3:25 of 3rd period - Ryan O'Reilly wins face-off versus Logan Couture in Sabres zone.
3:40 of 3rd period - Slapshot by Evander Kane.
3:40 of 3rd period - Shot Misses the Net.
3:42 of 3rd period - Snap shot by Evander Kane.
3:42 of 3rd period - Stopped by Carey Price with a rebound.
3:52 of 3rd period - Nicklas Backstrom is hit by Ilya Kovalchuk.
4:13 of 3rd period - Icing by Alex Pietrangelo.
4:14 of 3rd period - Andrei Loktionov wins face-off versus Tomas Plekanec in Blues zone.
4:15 of 3rd period - Wrist shot by Brad Richardson.
4:15 of 3rd period - Shot Hit the Post.
4:47 of 3rd period - Snap shot by Evander Kane.
4:47 of 3rd period - Stopped by Carey Price with a rebound.
5:47 of 3rd period - Snap shot by Ilya Kovalchuk.
5:47 of 3rd period - Stopped by Carey Price with a rebound.
7:02 of 3rd period - Snap shot by Kyle Okposo.
7:02 of 3rd period - Shot Blocked by Yann Sauvé.
7:04 of 3rd period - Slapshot by Mathew Dumba.
7:04 of 3rd period - Stopped by Carey Price with a rebound.
7:22 of 3rd period - Slapshot by Brandon Sutter.
7:22 of 3rd period - Shot Misses the Net.
7:30 of 3rd period - Snap shot by Ilya Kovalchuk.
7:30 of 3rd period - Stopped by Carey Price without a rebound.
7:31 of 3rd period - Ryan O'Reilly wins face-off versus Nicklas Backstrom in Blues zone.
7:32 of 3rd period - Backhand shot by Zack Kassian.
7:32 of 3rd period - Shot Blocked by Bryce Lampman.
8:21 of 3rd period - Filip Forsberg is hit by Darren Reid and loses puck.
9:04 of 3rd period - Wrist shot by David Perron.
9:04 of 3rd period - Deflect By Darren Reid.
9:04 of 3rd period - Shot Blocked by Darcy Hordichuk.
9:04 of 3rd period - Puck is out of play.
9:05 of 3rd period - Vincent Lecavalier wins face-off versus Travis Zajac in Sabres zone.
9:37 of 3rd period - Filip Forsberg is hit by Evander Kane and loses puck.
10:01 of 3rd period - Off-side.
10:02 of 3rd period - Nicklas Backstrom wins face-off versus Vincent Lecavalier in neutral zone.
10:17 of 3rd period - Wrist shot by Vincent Lecavalier.
10:17 of 3rd period - Shot Misses the Net.
10:29 of 3rd period - Jake Gardiner is hit by Zack Kassian and loses puck.
10:52 of 3rd period - Wrist shot by Tomas Plekanec.
10:52 of 3rd period - Stopped by Robin Lehner with a rebound.
10:56 of 3rd period - Backhand shot by Tomas Plekanec.
10:56 of 3rd period - Stopped by Robin Lehner with a rebound.
10:58 of 3rd period - Snap shot by Tomas Plekanec.
10:58 of 3rd period - Stopped by Robin Lehner with a rebound.
11:00 of 3rd period - Snap shot by Bryce Lampman.
11:00 of 3rd period - Deflect By Filip Forsberg.
11:00 of 3rd period - Shot Misses the Net.
11:00 of 3rd period - Puck is out of play.
11:01 of 3rd period - Ryan O'Reilly wins face-off versus Nicklas Backstrom in Sabres zone.
11:26 of 3rd period - Bryce Lampman is hit by Zack Kassian and loses puck.
12:02 of 3rd period - Evander Kane is hit by David Perron and loses puck.
12:24 of 3rd period - Minor Penalty to Ryan O'Reilly for Tripping.
12:25 of 3rd period - Logan Couture wins face-off versus Brandon Sutter in Sabres zone.
12:25 of 3rd period - Snap shot by Travis Zajac.
12:25 of 3rd period - Shot Misses the Net.
12:55 of 3rd period - Jared Cowen is hit by Alex Pietrangelo and loses puck.
13:37 of 3rd period - Ilya Kovalchuk is hit by Sergei Shirokov and loses puck.
14:24 of 3rd period - Penalty to Ryan O'Reilly is over, Ryan O'Reilly is back on ice.
15:03 of 3rd period - Minor Penalty to Tomas Plekanec for Holding.
15:04 of 3rd period - Logan Couture wins face-off versus Andrei Loktionov in Blues zone.
15:40 of 3rd period - Jake Gardiner is hit by Jared Cowen and loses puck.
16:34 of 3rd period - Mathew Dumba is hit by Patrick Kaleta and loses puck.
16:49 of 3rd period - Ilya Kovalchuk is hit by Travis Zajac and loses puck.
17:03 of 3rd period - Penalty to Tomas Plekanec is over, Tomas Plekanec is back on ice.
17:35 of 3rd period - Snap shot by David Perron.
17:35 of 3rd period - Stopped by Robin Lehner without a rebound.
17:36 of 3rd period - Ryan O'Reilly wins face-off versus Nicklas Backstrom in Sabres zone.
18:19 of 3rd period - Brad Richardson is hit by Nick Leddy and loses puck.
19:01 of 3rd period - Off-side.
19:02 of 3rd period - Claude Julien call a timeout for Blues.
19:02 of 3rd period - Brandon Sutter wins face-off versus Nicklas Backstrom in neutral zone.
19:13 of 3rd period - Blues, Carey Price is pulled from the net.
19:33 of 3rd period - Snap shot by David Perron.
19:33 of 3rd period - Shot Misses the Net.
19:35 of 3rd period - Backhand shot by Bobby Ryan.
19:35 of 3rd period - Shot Blocked by Brandon Sutter.
19:37 of 3rd period - Wrist shot by David Perron.
19:37 of 3rd period - Deflect By Bobby Ryan.
19:37 of 3rd period - Stopped by Robin Lehner without a rebound.
19:38 of 3rd period - Nicklas Backstrom wins face-off versus Brandon Sutter in Sabres zone.
19:44 of 3rd period - Off-side.
19:45 of 3rd period - Nicklas Backstrom wins face-off versus Brandon Sutter in neutral zone.
19:50 of 3rd period - Snap shot by David Perron.
19:50 of 3rd period - Shot Misses the Net.
19:58 of 3rd period - Snap shot by David Perron.
19:58 of 3rd period - Deflect By Bobby Ryan.
19:58 of 3rd period - Stopped by Robin Lehner with a rebound.
Goals for this period are 0 for Sabres vs 1 for Blues.
Shots for this period are 6 for Sabres vs 9 for Blues.